 Dungeon Crawl Stone Soup version 0.31-a0-1467-g53b6572822 (webtiles) character file.

Game seed: 13737813494303102221

417 theway the Insei (level 6, 0/38 HPs)
             Began as an Octopode Shapeshifter on Dec 28, 2023.
             Killed by nerve-wracking pain
             ... invoked by an orc priest
              (10 damage)
             ... on level 4 of the Dungeon.
             The game lasted 00:04:03 (4055 turns).

theway the Insei (Octopode Shapeshifter)            Turns: 4055, Time: 00:04:03

Health: 0/38       AC:  1    Str: 13    XL:     6   Next: 92%
Magic:  6/6        EV: 13    Int: 12    God:
Gold:   173        SH:  0    Dex: 14    Spells: 5/5 levels left

rFire   . .          .
                       - Unarmed
rCold   . . .        (no shield)
rNeg    . . .        (helmet currently unavailable)
rPois   .            (no amulet)
rElec   .            (no ring)
rCorr   .            (no ring)
SInv    .            (no ring)
Will    .....        (no ring)
Stlth   ++           (no ring)
HPRegen 0.26/turn    (no ring)
MPRegen 0.10/turn    (no ring)
                     (no ring)

%: no passive effects
@: mighty, beast-form
A: beast (slay +3), almost no armour, amphibious, 8 rings, camouflage 1,
gelatinous body 1, (nimble swimmer 1), tentacles
a: Begin Untransformation


You were on level 4 of the Dungeon.
You were a hulking beast.
You visited 1 branch of the dungeon, and saw 4 of its levels.

You collected 173 gold pieces.

Inventory:

Missiles
 f - 19 stones
Talismans
 b - a beast talisman
 c - a flux talisman
Scrolls
 h - a scroll of torment {unknown}
 i - a scroll of vulnerability {unknown}
 j - a scroll of teleportation
Potions
 a - a potion of lignification
 e - 3 potions of brilliance
 g - 2 potions of attraction
 l - a potion of cancellation {unknown}


   Skills:
 - Level 1.0 Fighting
 - Level 2.0 Dodging
 + Level 5.7 Unarmed Combat
 + Level 5.3 Shapeshifting


You had 5 spell levels left.
You didn't know any spells.
Your spell library was empty.

Dungeon Overview and Level Annotations

Branches:
Dungeon (4/15)
 Temple: D:4-7

Altars:
Qazlal
Sif Muna

Shops:
D:2 =:


Innate Abilities, Weirdness & Mutations

You are a hulking beast.
Your limbs bulge with bestial killing power. (Slay +3)
You cannot wear most types of armour.
You are amphibious.
You can wear up to eight rings at the same time.
Your skin changes colour to match your surroundings (Stealth+).
Your rubbery body absorbs attacks. (AC +1, EV +1)
((You are camouflaged when in or above water. (Stealth+)))
You have tentacles for arms and can constrict up to eight enemies at once.


Message History

The orc priest shouts!
You hear a shout!
You bludgeon the orc!
You kill the orc!
The orc priest looks satisfied for a moment.
The orc closely misses you.
You see here a +0 hand axe.
The orc priest barely misses you. The orc completely misses you.
The orc attacks as it pursues you! The orc barely misses you.
Unknown command.
You barely miss the orc priest. Your grab misses the orc priest.
The orc priest hits you with a +0 hand axe.
The orc hits you with a +0 hand axe. The orc barely misses you.
You tentacle-slap the orc priest but do no damage.
Your grab misses the orc priest. The orc priest closely misses you.
The orc hits you with a +0 hand axe.
The orc hits you from afar with a +0 trident.
You barely miss the orc priest. You grab the orc priest.
You squeeze the orc priest.
The orc priest is moderately wounded.
You constrict the orc priest, but do no damage.
The orc priest hits you with a +0 hand axe!
* * * LOW HITPOINT WARNING * * *
The orc hits you with a +0 hand axe.
* * * LOW HITPOINT WARNING * * *
The orc barely misses you.
You release your grip on the orc priest.
The orc priest looks braver for a moment.
The orc closely misses you. x2
You see here a +0 hand axe.
Unknown command.
You feel better.
The orc priest mumbles some strange prayers to Beogh against you.
Beogh smites you!
* * * LOW HITPOINT WARNING * * *
The orc barely misses you. The orc closely misses you.
You feel better. The orc closely misses you. The orc barely misses you.
You feel very mighty all of a sudden.
The orc priest mumbles some strange prayers to Beogh against you.
Pain shoots through your body!
You die...

.....#..........#..###....
.)...................'.[..
.†............########...#
............................
.......##.............####.#
.......##...................
...............###..........
........#......#.#.........
........#.....##h##........
w.
........#.....#ooo#...####.
... .... ###..oo###)...#
.... .... #
#...#...#...####+##.... ###.
.# #...##.##..............
.# ..# #..
#.#..#............ .#
..?..... .#...#............
.# ........
.###..#.....)......
.##....{.... ..
.........)......


You could see an orc priest and 4 orcs.

Vanquished Creatures
  A scorpion (D:4)
  2 hounds
  An orc priest (D:4)
  A sleepcap (D:4)
  Natasha (thrice) (D:2)
  2 iguanas (D:4)
  3 adders
  A worm (D:2)
  3 dart slugs
  6 orcs (D:4)
  9 endoplasms
  A giant cockroach (D:1)
  7 goblins
  6 hobgoblins
  8 jackals
  6 kobolds
  6 ball pythons
  8 bats
  3 frilled lizards
  6 rats
83 creatures vanquished.

Vanquished Creatures (others)
  An orc wizard (D:4)
1 creature vanquished.

Grand Total: 84 creatures vanquished

Notes
Turn   | Place    | Note
-------+----------+-------------------------------------------
     0 | D:1      | theway the Octopode Shapeshifter began the quest for the
                  | Orb.
     0 | D:1      | Reached XP level 1. HP: 13/13 MP: 1/1
   106 | D:1      | Reached XP level 2. HP: 18/18 MP: 2/2
   534 | D:1      | Reached XP level 3. HP: 23/23 MP: 3/3
   884 | D:2      | Found Peqereda's Book Shop.
   924 | D:2      | Noticed Natasha
   927 | D:2      | Reached XP level 4. HP: 26/28 MP: 4/4
   930 | D:2      | Killed Natasha
  1640 | D:2      | Found Ceagy's Jewellery Shop.
  1711 | D:2      | Reached XP level 5. HP: 33/33 MP: 5/5
  1768 | D:2      | Noticed Natasha
  1777 | D:2      | Killed Natasha
  1786 | D:2      | Noticed Natasha
  1790 | D:2      | Killed Natasha
  2026 | D:3      | Found a shimmering blue altar of Sif Muna.
  2388 | D:3      | Found a stormy altar of Qazlal.
  2750 | D:4      | Reached skill level 5 in Unarmed Combat
  2750 | D:4      | Reached XP level 6. HP: 27/38 MP: 6/6
  3164 | D:4      | Reached skill level 5 in Shapeshifting
  4055 | D:4      | Killed from afar by an orc priest

Illustrated notes

Levels and vault maps discovered:
D:1:      tarquinn_simple_flora_water_a, layout_loops_cross
D:2:      layout_loops_ring, serial_shops, nicolae_shop_waterfront, shop,
          serial_co_window_serial, co_window_paths_a, co_window_paths_a,
          co_window_of_opportunity_a, co_window_corner_a, co_window_paths_a,
          co_window_corner_ca, co_window_paths_c, co_window_of_opportunity_c,
          co_window_of_opportunity_b, co_window_corner_b,
          co_window_unsneaky_path_a, glass_columns_c, glass_columns_c,
          glass_columns_a, uniq_natasha
D:3:      layout_rooms, mainiacjoe_overflow_alcove_2, lemuel_doored_altar,
          serial_bayou, serial_bayou_lagoon_b, serial_bayou_crossing,
          serial_bayou_pond_e, serial_bayou_pond_c, minivault_25,
          wander_ebering_terrifying_dragon_lair
D:4:      layout_basic, biasface_ghost_orc_armoury, minmay_ruptured

Skill      XL: |  1  2  3  4  5  6 |
---------------+-------------------+-----
Unarmed Combat | 4 5 |  5.7
Shapeshifting  | 4 5 |  5.3
Fighting       | |  1.0
Dodging        | |  2.0

Action                     |  1- 3 |  4- 6 || total
---------------------------+-------+-------++-------
  Melee: Unarmed           |    43 |   108 ||   151
         Tentacles         |     9 |    28 ||    37
         Constrict         |    11 |    34 ||    45
         Punch             |     1 |     6 ||     7
    Use: Scroll            |     1 |     6 ||     7
         Potion            |       |     5 ||     5
   Stab: Sleeping          |     8 |     3 ||    11
 Armour: Skin              |    17 |    57 ||    74
  Dodge: Dodged            |    19 |    90 ||   109

Table legend: (Time is in decaauts)
 A = Elapsed time spent in this place.
 B = Non-inter-level travel time spent in this place.
 C = Inter-level travel time spent in this place.
 D = Time resting spent in this place.
 E = Time spent auto-exploring this place.
 F = Levels seen in this place.
 G = Mean time per level.
                   A        B        C        D        E       F      G
               +--------+--------+--------+--------+--------+-----+--------+
         Total |   4048 |   3963 |     85 |   1575 |   1817 |   4 | 1012.0 |
       Dungeon |   4048 |   3963 |     85 |   1575 |   1817 |   4 | 1012.0 |
               +--------+--------+--------+--------+--------+-----+--------+

Top non-repeatable levels by time:
     D:4: 1384 daAuts
     D:2: 1220 daAuts
     D:1: 791 daAuts
     D:3: 652 daAuts
